 Dungeon Crawl Stone Soup version 0.30-a0-368-g86fb4627a9 (webtiles) character file.

Game seed: 14118050117436788095

44 sanka the Conjurer (level 3, 0/22 (29) HPs)
             Began as a Demigod Reaver on Nov 18, 2022.
             Succumbed to an adder's poison
             ... on level 1 of the Dungeon.
             The game lasted 00:01:24 (1019 turns).

sanka the Conjurer (Demigod Reaver)                 Turns: 1019, Time: 00:01:25

HP:   0/22 (29)     AC:  3    Str: 13    XL:     3   Next: 22%
MP:   7/8           EV: 15    Int: 19    God:
Gold: 42            SH:  0    Dex: 12    Spells: 5/6 levels left

rFire   + . .      SeeInvis .    a - +0 falchion
rCold   + . .      Faith    .    (no shield)
rNeg    . . .      Spirit   .    b - +0 leather armour
rPois   +          Reflect  .    (no helmet)
rElec   +          Harm     .    (no cloak)
rCorr   +          Rampage  .    (no gloves)
Will    .....                    (no boots)
Stlth   +.........               (no amulet)
HPRegen 0.23/turn                (no ring)
MPRegen 0.11/turn                h - +4 ring of evasion

@: lethally poisoned (0 -> -7), resistant, heavily drained
A: high MP 1, forlorn, divine attributes
a: no special abilities


You were on level 1 of the Dungeon.
You visited 1 branch of the dungeon, and saw 2 of its levels.

You collected 42 gold pieces.


Innate Abilities, Weirdness & Mutations

You have an increased reservoir of magic. (+10% MP)
You shall have no god before yourself.
Your divine heritage dramatically boosts your attributes as you level up.


   Skills:
 - Level 1.7 Fighting
 - Level 2.6 Long Blades
 - Level 1.7 Dodging
 - Level 2.0 Spellcasting
 + Level 4.0 Conjurations


You had 5 spell levels left.
You knew the following spells:

 Your Spells              Type           Power      Damage    Failure   Level
y - Kiss of Death         Conj/Necr      36%        2d8       10%         1

Your spell library contained the following spells:

 Spells                   Type           Power      Damage    Failure   Level
 Momentum Strike          Conj/Tloc      18%        3d8       14%         2
 Hailstorm                Conj/Ice       9%         3d4       28%         3
 Cigotuvi's Dreadful Rot  Necr/Pois/Air  2%         N/A       32%         2
 Poisonous Vapours        Pois/Air       2%         N/A       32%         2
 Mephitic Cloud           Conj/Pois/Air  6%         N/A       36%         3

Inventory:

Hand Weapons
 a - a +0 falchion (weapon)
Armour
 b - a +0 leather armour (worn)
Jewellery
 h - a +4 ring of evasion (right hand)
Scrolls
 c - a scroll of fog {unknown}
 e - a scroll of enchant armour {unknown}
 f - 2 scrolls of identify {unknown}
 g - a scroll of teleportation {unknown}

Dungeon Overview and Level Annotations

Branches:
Dungeon (2/15)

▒▒.▒ ▒....▒▒▒▒▒.......▒▒▒▒▒......
▒▒.▒ ▒...▒.....▒.....▒.....▒.....
...▒ ▒..▒▒▒...▒▒▒...▒▒▒...▒▒▒....
▒▒▒▒ ▒.▒▒▒▒▒.▒▒▒▒▒.▒▒▒▒▒.▒▒▒▒▒..▒
▒ ▒..........................▒ ▒
▒▒▒▒▒.▒▒▒▒.▒...▒▒▒▒▒▒▒▒▒▒▒.▒ ▒
▒.▒ ▒.......▒ ▒▒'▒ ▒ ▒.▒
▒.)▒▒...▒ ▒▒... ▒▒ ▒▒▒▒.▒
▒..p†...▒▒ ▒▒.... .▒▒
▒▒.▒▒.▒▒▒.▒▒▒.▒..▒▒▒▒▒▒.....
..▒▒▒▒....▒.▒▒.▒▒▒.......▒▒......
..'......▒▒▒..............+......
..▒▒▒...▒▒ ▒▒..▒▒▒▒▒...▒.▒▒......
.▒▒ ▒.▒..▒▒▒.▒........▒▒.▒▒▒.....
▒▒ ▒.▒▒▒.▒.▒▒▒▒▒▒▒▒▒▒▒▒.▒ ▒▒....
▒ ▒.▒ ▒▒.▒▒ ▒.▒ ▒▒... ▒ ▒.▒ ▒▒▒
▒.▒ ▒▒+▒


There were no monsters in sight!


Message History

You miss the adder.
The adder is almost dead.
You feel sick.
You are no longer poisoned.
The adder bites you.
* * * LOW HITPOINT WARNING * * *
You are poisoned.
The adder poisons you! The adder misses you.
You hit the adder but do no damage.
The adder is almost dead.
* * * LOW HITPOINT WARNING * * *
You feel sick. The adder bites you.
* * * LOW HITPOINT WARNING * * *
You are more poisoned.
The adder poisons you!
Aiming: Kiss of Death (safe; 10% risk of failure)
Aim: an adder (almost dead, 100% to hit)
The negative energy hits the adder.
The adder is drained!
You kill the adder!
You feel drained.
* * * LOW HITPOINT WARNING * * *
You feel sick.
Your Conjurations skill increases to level 4!
Unknown command.
It was a potion of resistance.
You feel protected.
You die...

Action                   || total
-------------------------++-------
Melee: Falchion          ||    88
 Cast: Kiss of Death     ||     2
  Use: Potion            ||     1
 Stab: Sleeping          ||     1
Armor: Leather armour    ||    24
Dodge: Dodged            ||    93

Levels and vault maps discovered:
D:1:      onia_arrival_pyramid, layout_loops_corners
D:2:      layout_basic, basic_altar, chequers_decorated_corner,
          grunt_ministairs_8

Notes
Turn   | Place    | Note
-------+----------+-------------------------------------------
     0 | D:1      | sanka the Demigod Reaver began the quest for the Orb.
     0 | D:1      | Reached XP level 1. HP: 17/17 MP: 5/5
   132 | D:1      | Reached skill level 2 in Spellcasting
   167 | D:1      | Reached skill level 3 in Conjurations
   455 | D:1      | Reached XP level 2. HP: 21/24 MP: 7/7
  1005 | D:1      | Reached XP level 3. HP: 21/26 MP: 6/8
  1018 | D:1      | HP: 2/21 [poisoned by an adder]
  1019 | D:1      | Reached skill level 4 in Conjurations
  1019 | D:1      | Identified a potion of resistance
  1019 | D:1      | Succumbed to an adder's poison

Vanquished Creatures
  A gnoll (D:1)
  An adder (D:1)
  A dart slug (D:2)
  2 endoplasms (D:1)
  2 giant cockroaches (D:1)
  2 hobgoblins (D:1)
  4 jackals (D:1)
  2 quokkas (D:1)
  2 ball pythons (D:1)
  2 bats (D:1)
  A frilled lizard (D:1)
  A rat (D:1)
21 creatures vanquished.
